 Dungeon Crawl Stone Soup version 0.30-a0-358-g0d69a1922f (webtiles) character file.

Game seed: 13418380286499582723

361 bande the Chopper (level 6, -2/39 HPs)
             Began as a Gargoyle Fighter on Nov 10, 2022.
             Slain by a jelly (3 damage)
             ... in a sewer.
             The game lasted 00:06:48 (4331 turns).

bande the Chopper (Gargoyle Fighter)                Turns: 4331, Time: 00:06:48

Health: -2/39      AC: -2    Str: 19    XL:     6   Next: 66%
Magic:  6/6        EV:  7    Int:  9    God:
Gold:   140        SH:  4    Dex: 11    Spells: 5/5 levels left

rFire   + . .      SeeInvis .    a - +0 war axe
rCold   . . .      Faith    .    c - +0 buckler
rNeg    + + .      Spirit   .    r - +0 chain mail
rPois   ∞          Reflect  .    (no helmet)
rElec   +          Harm     .    (no cloak)
rCorr   .          Rampage  .    (no gloves)
Will    .....                    (no boots)
Stlth   ..........               (no amulet)
HPRegen 0.26/turn                i - ring of positive energy
MPRegen 0.10/turn                t - ring of protection from fire

@: corroded, very slow
A: sickness immunity, AC +4, negative energy resistance 1, electricity
resistance, torment resistance 1, petrification resistance
a: no special abilities


You were in a sewer.
You visited 1 branch of the dungeon, and saw 4 of its levels.
You also visited: Sewer.

You collected 140 gold pieces.

Inventory:

Hand Weapons
 a - a +0 war axe (weapon)
 b - a +0 morningstar
Armour
 c - a +0 buckler (worn)
 r - a +0 chain mail (worn)
Jewellery
 i - a ring of positive energy (left hand)
 t - a ring of protection from fire (right hand)
Wands
 q - a wand of polymorph (13)
 w - a wand of light (8)
Scrolls
 e - 4 scrolls of enchant weapon {unknown}
 g - a scroll of amnesia {unknown}
 j - a scroll of identify {unknown}
 l - a scroll of vulnerability {unknown}
 o - a scroll of fear {unknown}
 u - a scroll of teleportation {unknown}
 x - a scroll of immolation {unknown}
 y - a scroll of blinking {unknown}
 D - a scroll of enchant armour {unknown}
Potions
 d - a potion of might
 f - 3 potions of brilliance {unknown}
 h - 2 potions of lignification {unknown}
 k - 3 potions of curing {unknown}
 m - a potion of berserk rage {unknown}
 n - a potion of attraction {unknown}
 p - a potion of flight {unknown}
 s - a potion of heal wounds {unknown}
 v - 2 potions of magic {unknown}
 z - a potion of invisibility {unknown}
 A - a potion of haste {unknown}
 B - a potion of resistance {unknown}
 C - a potion of mutation {unknown}


   Skills:
 + Level 4.3 Fighting
 + Level 4.6 Axes
 + Level 4.3 Armour
 + Level 4.1 Shields
 * Level 0.9 Evocations


You had 5 spell levels left.
You didn't know any spells.
Your spell library contained the following spells:

 Spells                   Type           Power      Damage    Failure   Level
 Slow                     Hex            0%         N/A       99%         1
 Confusing Touch          Hex            0%         N/A       100%        3
 Frozen Ramparts          Ice            0%         1d1       100%        3
 Inner Flame              Hex/Fire       0%         N/A       100%        3
 Portal Projectile        Hex/Tloc       0%         N/A       100%        3
 Tukima's Dance           Hex            0%         N/A       100%        3
 Vampiric Draining        Necr           0%         2d6       100%        3
 Cause Fear               Hex            0%         N/A       100%        4
 Ice Form                 Ice/Tmut       0%         N/A       100%        4
 Summon Ice Beast         Ice/Summ       0%         N/A       100%        4
 Blade Hands              Tmut           0%         N/A       100%        5
 Discord                  Hex            0%         N/A       100%        8


Dungeon Overview and Level Annotations

Branches:
Dungeon (4/15)              Sewer (1/1)
 Temple: D:4-7

Altars:


Innate Abilities, Weirdness & Mutations

You are immune to sickness and miasma.
Your stone body is resilient. (AC +4)
You are immune to poison.
You resist negative energy. (rN+)
You are resistant to electric shocks. (rElec)
You are resistant to unholy torment.
You are immune to petrification.


Message History

You start resting.
HP restored.
C - a fuming puce potion
D - a scroll labelled ZAGYME OLLEJYB You enter the shallow water.
Moving in this stuff is going to be slow.
You enter the shallow water.
Moving in this stuff is going to be slow.
A jelly comes into view.
The jelly quivers.
Found a scroll labelled FUIRPHOCLO.
You enter the shallow water.
Moving in this stuff is going to be slow.
The jelly hits you but does no damage.
Your unstable footing causes you to fumble your attack.
The jelly hits you but does no damage.
You hit the jelly. The acid corrodes you!
Your hands burn!
The jelly is moderately wounded.
You block the jelly's attack. The jelly hits you but does no damage.
You hit the jelly but do no damage.
Your hands burn!
The jelly is moderately wounded.
The jelly barely misses you.
You hit the jelly. The acid corrodes you!
Your hands burn!
The jelly is moderately wounded.
The jelly hits you. The acid corrodes you!
You are splashed with acid!
A jelly is nearby!
You hit the jelly.
Your hands burn!
The jelly is heavily wounded.
The jelly barely misses you.
You hit the jelly but do no damage. The acid corrodes you!
Your hands burn!
The jelly is heavily wounded.
The jelly hits you but does no damage. The jelly hits you.
* * * LOW HITPOINT WARNING * * *
You are splashed with acid!
* * * LOW HITPOINT WARNING * * *
You hit the jelly. The acid corrodes you!
Your hands burn!
* * * LOW HITPOINT WARNING * * *
The jelly is heavily wounded.
The jelly hits you.
You die...

#~.## ##~~.# ### ##..#### ##.~#
≈≈# ##..~~~.## #...
.≈############ #..~~~~.∩###.~~
...~.~~...~~.# #...###..~###~.
.~.....~.....# ####~.##.##~.##~~~
~≈#########..###..~..#..~#.~##~~~
≈≈# #~~##~.~.~~##.~~~.##..# ###
#..##.@##~.~##~..##...#
###########..##.J~##~..#.~..~~.##
#~...~†...~~.###~.?##.~.~.~.~~##
#~..~....~.~~# ##..##..~~.~.###
#~.########### ###~..~~.### #..#
##~.~.....## #.~# #~.~~###~~.##
#.~## ##.~.##.##~~~# #~..###
###~~.##.~.##..#


You could see a jelly.

Vanquished Creatures
  2 orc priests (D:3)
  4 jellies (Sewer)
  An orc wizard (D:3)
  3 adders
  3 worms
  2 dart slugs (D:1)
  5 orcs
  16 endoplasms
  3 giant cockroaches
  10 goblins
  6 hobgoblins
  5 jackals
  5 kobolds
  5 quokkas
  15 ball pythons
  9 bats
  7 frilled lizards
  10 rats
111 creatures vanquished.

Notes
Turn   | Place    | Note
-------+----------+-------------------------------------------
     0 | D:1      | bande the Gargoyle Fighter began the quest for the Orb.
     0 | D:1      | Reached XP level 1. HP: 14/14 MP: 1/1
   116 | D:1      | Reached XP level 2. HP: 19/19 MP: 2/2
   160 | D:1      | Found a faded altar of an unknown god.
   428 | D:1      | Reached XP level 3. HP: 19/24 MP: 3/3
  1065 | D:2      | Reached XP level 4. HP: 22/29 MP: 4/4
  1735 | D:3      | Reached XP level 5. HP: 33/33 MP: 5/5
  3393 | D:4      | Found a glowing drain.
  3464 | Sewer    | Entered a sewer
  3494 | Sewer    | Reached XP level 6. HP: 38/38 MP: 6/6
  3661 | Sewer    | Found a viscous altar of Jiyva.
  4331 | Sewer    | HP: 1/39 [acid (1)]
  4331 | Sewer    | Slain by a jelly

Illustrated notes

Levels and vault maps discovered:
D:1:      dpeg_arrival_tiny_a, layout_rooms, basic_ecumenical_altar,
          minivault_24
D:2:      layout_basic
D:3:      kennysheep_goblin_castle, layout_basic, grunt_decor_clamped
D:4:      layout_rooms, marbit_many_paths, cheibrodos_sewer_entry_drain,
          uniq_blork_the_orc
Sewer:    sewer_hellmonk_slimy_pipes

Skill      XL: |  1  2  3  4  5 |
---------------+----------------+-----
Axes           | 2 3 4 |  4.6
Fighting       | 4 |  4.3
Armour         | 4 |  4.3
Shields        | 4 |  4.1
Evocations     | |  0.9

Action                   |  1- 3 |  4- 6 || total
-------------------------+-------+-------++-------
Melee: War axe           |   139 |   205 ||   344
Armor: Scale mail        |    85 |    19 ||   104
       Chain mail        |       |   153 ||   153
Dodge: Dodged            |    81 |    94 ||   175
Block: Buckler           |    35 |    47 ||    82

Table legend: (Time is in decaauts)
 A = Elapsed time spent in this place.
 B = Non-inter-level travel time spent in this place.
 C = Inter-level travel time spent in this place.
 D = Time resting spent in this place.
 E = Time spent auto-exploring this place.
 F = Levels seen in this place.
 G = Mean time per level.
                   A        B        C        D        E       F      G
               +--------+--------+--------+--------+--------+-----+--------+
         Total |   4493 |   4453 |     40 |   1257 |   2147 |   5 |  898.6 |
       Dungeon |   3582 |   3542 |     40 |    704 |   1948 |   4 |  895.5 |
         Sewer |    911 |    911 |      0 |    553 |    199 |   1 |  911.0 |
               +--------+--------+--------+--------+--------+-----+--------+

Top non-repeatable levels by time:
     D:3: 1811 daAuts
   Sewer: 911 daAuts
     D:2: 870 daAuts
     D:1: 810 daAuts
     D:4: 89 daAuts
